Map: Simulacrum LE

Players

Massa

  • Race: Terran Terran
  • League: Gold
  • Spawn Location: 5:00

Nedd - Winner!

  • Race: Protoss Protoss
  • League: Platinum
  • Spawn Location: 11:00

VOD

Have the link to the VOD?

Description

Time

  • Played on: May 10, 2020, 2:34 p.m.
  • Length: 7:19
Show
View Real Time Build Order
Export as new Build Order

Massa Terran 

Build Orders:  

Get SALT Encoding   

  12  0:10  Supply Depot  
  12  0:13  SCV  
  13  0:25  SCV  
  14  0:34  Barracks  
  14  0:37  SCV  
  15  0:46  Supply Depot  
  15  0:49  SCV  
  16  1:01  SCV  
  17  1:13  SCV  
  17  1:17  Barracks  
  18  1:22  Marine  
  19  1:25  SCV  
  19  1:31  Barracks  
  20  1:37  SCV  
  21  1:40  Marine  
  22  1:51  Barracks  
  22  1:56  Refinery  
  22  1:59  Marine  
  24  2:06  Marine  
  24  2:14  Orbital Command  
  24  2:17  Marine  
  24  2:22  Marine  
  26  2:24  Marine  
  27  2:35  Marine  
  28  2:40  Marine, Supply Depot  
  29  2:47  Supply Depot  
  29  2:51  Marine x2  
  31  3:01  Marine x2  
  33  3:09  Marine x2  
  35  3:19  Marine x2  
  37  3:27  Marine x2  
  37  3:31  Factory  
  39  3:37  Marine x2  
  41  3:42  Supply Depot  
  41  3:45  Marine x2  
  42  3:54  Marine x2  
  44  4:03  Marine x2  
  46  4:12  Marine x2  
  43  4:21  Marine  
  43  4:23  Marine  
  42  4:25  Factory Tech Lab  
  42  4:30  Marine x2  
  41  4:38  Marine  
  41  4:41  Marine  
  43  4:45  Siege Tank  
  43  4:48  Marine x2  
  48  4:57  Command Center  
  48  4:59  Marine  
  49  5:02  Marine  
  50  5:08  Marine  
  50  5:09  Marine  
  52  5:17  Marine  
  52  5:20  Marine  
  38  5:31  Marine x2  
  38  5:35  Marine  
  36  5:37  Marine  
  35  5:49  Marine x2  
  36  5:53  Marine  
  36  5:55  Marine  
  36  5:56  Siege Tank  
  36  6:07  Marine x2  
  36  6:10  Marine  
  38  6:13  Marine  
  28  6:25  Marine x2  
  28  6:28  Marine  
  28  6:31  Marine  
  10  6:42  Marine  
  10  6:43  Marine  
  10  6:46  Marine  
  5  6:59  SCV  
Show
View Real Time Build Order
Export as new Build Order

Nedd Protoss - Winner!

Build Orders: Blink Stalkers 

Get SALT Encoding   

  12  0:00  Probe  
  13  0:13  Probe  
  14  0:19  Pylon  
  14  0:25  Probe  
  15  0:37  Probe  
  15  0:40  Gateway  
  16  0:47  Assimilator  
  16  0:49  Probe  
  17  1:01  Probe  
  18  1:13  Probe  
  18  1:17  Gateway  
  19  1:30  Cybernetics Core  
  19  1:38  Probe  
  20  1:50  Pylon  
  20  1:52  Probe  
  21  1:58  Assimilator  
  21  2:04  Warp Gate (Chrono Boost)  
  21  2:06  Stalker  
  23  2:09  Stalker  
  25  2:27  Probe  
  26  2:48  Probe, Twilight Council  
  27  2:57  Gateway  
  27  3:00  Pylon  
  27  3:10  Gateway  
  27  3:19  Blink (Chrono Boost)  
  27  3:45  Pylon  
  27  3:50  Stalker  
  27  3:51  Stalker x2  
  33  4:12  Zealot  
  31  4:17  Stalker  
  31  4:18  Stalker x2  
  33  4:37  Shield Battery x2  
  33  4:41  Stalker x2  
  33  4:42  Stalker  
  39  5:09  Stalker x2  
  39  5:10  Stalker  
  41  5:33  Stalker x3  
  46  6:03  Stalker  
  44  6:36  Stalker  
  44  6:37  Stalker  
  40  6:56  Pylon  
  40  7:02  Stalker  
  40  7:03  Stalker x2  
Tags
 
Composition
Blink Stalkers
Matchup
PvT
Replay Pack
Multiplayer
Spawn Locations
Cross Positions
Add a new tag
Caveats
  • Supply blocks, unpowered buildings, or Contaminate may cause inaccurate times.
  • Supply counts are checked every 10 seconds.